AoeStats
← 牛欢喜

African Clearing

505482943Analyzed
4v4 RM · 22d ago on Sep 9, 2026· 27m 37s· 8 players
Game mode
Random Map
Map size
Large (8 player)
Population
200
Speed
Normal
Resources
Standard
Victory
Conquest
Starting age
Dark Age
Ending age
Imperial Age
RankedLock teamsTeams togetherTeam positionsShared explorationLock speedFull tech treeHidden civsTurbo modeCheats
Victory
Defeat
🇪🇸 Muisca · Spain
1674
+11
🇫🇮 Ethiopians · Finland
1658
+12
🇧🇪 Tatars · Belgium
1650
+12
🇩🇪 Persians · Germany
1633
+13
🇩🇪 Mongols · Germany
1595
-13
🇨🇳 Bengalis · China
1591
-13
🇨🇳 Franks · China
1559
-12
🇨🇳 Slavs · China
1517
-10
牛欢喜
13:24 Feudal Age
12:06 Loom
15:06 Double-Bit Axe
17:28 Castle Age
18:22 Scale Barding Armor
19:29 Chain Barding Armor
Yucatan_water_supremacy
3:29 Loom
15:05 Feudal Age
15:41 Town Watch
17:34 Man-at-Arms
21:01 Double-Bit Axe
28:31 Castle Age
26:37 Horse Collar
咸酸菜
10:21 Loom
13:20 Feudal Age
17:36 Castle Age
15:53 Double-Bit Axe
17:08 Forging
17:45 Light Cavalry
21:45 Bloodlines
Mewes96
12:41 Feudal Age
16:19 Castle Age
14:36 Double-Bit Axe
16:37 Fletching
17:18 Bodkin Arrow
17:25 Gold Mining
19:37 Wheelbarrow
19:55 Loom
22:23 Ballistics
23:00 Husbandry
23:10 Bloodlines
24:35 Padded Archer Armor
28:12 Leather Archer Armor
DoubleZX
8:46 Loom
11:34 Feudal Age
11:59 Double-Bit Axe
12:21 Town Watch
14:23 Wheelbarrow
17:17 Forging
17:59 Scale Barding Armor
23:04 Castle Age
22:04 Bloodlines
24:33 Husbandry
24:23 Horse Collar
King-Arthur
8:58 Loom
11:47 Feudal Age
12:18 Double-Bit Axe
14:18 Fletching
20:53 Castle Age
19:05 Padded Archer Armor
22:00 Bow Saw
21:12 Crossbowman
22:04 Thumb Ring
23:40 Ballistics
23:07 Horse Collar
26:49 Bodkin Arrow
Pelopincho
6:52 Loom
16:04 Feudal Age
17:40 Town Watch
20:31 Castle Age
18:31 Double-Bit Axe
19:01 Fletching
20:32 Padded Archer Armor
20:25 Horse Collar
23:55 Crossbowman
Foskito
9:44 Loom
13:24 Feudal Age
17:26 Castle Age
15:35 Scale Barding Armor
15:41 Double-Bit Axe
15:36 Horse Collar
15:45 Loom
16:36 Wheelbarrow
19:14 Chain Barding Armor
Connection lost

Rejoining the realm…

Still unreachable

The connection could not be restored.

Session expired

The server has moved on; the page needs a fresh start.